 Dungeon Crawl Stone Soup version 0.21.1-1-g345015f (webtiles) character file.

150 Kagorn the Cudgeler (level 5, -5/53 HPs)
             Began as a Troll Monk on July 6, 2018.
             Slain by a gnoll
             ... wielding a +0 halberd
              (6 damage)
             ... on level 3 of the Dungeon.
             The game lasted 00:14:45 (1645 turns).

Kagorn the Cudgeler (Troll Monk)                    Turns: 1645, Time: 00:14:46

Health: -5/53      AC:  6    Str: 20    XL:     5   Next: 10%
Magic:  4/4        EV: 10    Int:  6    God:
Gold:   27         SH:  0    Dex: 12    Spells: 4/4 levels left

rFire    . . .     SeeInvis .   a - +1 mace
rCold    . . .     Gourm    +   (no shield)
rNeg     + . .     Faith    .   b - +1 robe
rPois    .         Spirit   .   (helmet restricted)
rElec    .         Reflect  .   (no cloak)
rCorr    +         Harm     .   (gloves unavailable)
MR       .....                  (boots unavailable)
Stlth    ++........             (no amulet)
HPRegen  0.57/turn              j - ring of positive energy
MPRegen  0.09/turn              g - ring of resist corrosion

@: no status effects
A: large, unfitting armour, claws 3, fast metabolism 3, gourmand, regeneration
1, shaggy fur 1, tough skin 2
a: no special abilities


You were on level 3 of the Dungeon.
You were full.

You visited 1 branch of the dungeon, and saw 3 of its levels.

You collected 27 gold pieces.

Inventory:

Hand Weapons
 a - a +1 mace (weapon)
Missiles
 q - 3 needles of sleeping
Armour
 b - a +1 robe (worn)
Jewellery
 d - an uncursed ring of protection from cold
 g - a ring of resist corrosion (right claw)
 j - a ring of positive energy (left claw)
Wands
 f - a wand of polymorph (17)
Scrolls
 e - 2 scrolls of teleportation
 h - 2 scrolls of identify
Potions
 i - a potion of cancellation
 l - a potion of heal wounds {unknown}
Comestibles
 c - 5 rations


   Skills:
 * Level 3.2 Fighting
 * Level 3.6 Maces & Flails
 + Level 1.2 Armour
 + Level 2.8 Dodging
 + Level 1.4 Stealth


You had 4 spell levels left.
You didn't know any spells.

Dungeon Overview and Level Annotations

Branches:
Dungeon (3/15)

Altars:
The Shining One

Annotations:
D:3 RottenKnight's ghost, amateur DrCj


Innate Abilities, Weirdness & Mutations

You are too large for most types of armour.
You have claws for hands.
Your metabolism is lightning-fast.
You like to eat raw meat.
Your natural rate of healing is unusually fast.
You are covered in fur. (AC +1)
You have very tough skin. (AC +2)


Message History

You kill the rat!
You closely miss the gnoll. The gnoll hits you with a flail!
You hit the gnoll.
The gnoll is lightly wounded.
The gnoll hits you from afar with a halberd!
The gnoll barely misses you.
You thump the gnoll!
The gnoll is almost dead.
The gnoll hits you from afar with a halberd!
The gnoll hits you with a flail!
You hit the gnoll.
You kill the gnoll!
The gnoll hits you from afar with a halberd!
* * * LOW HITPOINT WARNING * * *
The gnoll hits you with a halberd!
* * * LOW HITPOINT WARNING * * *
Things that are here:
a flail; a rat corpse The gnoll hits you from afar with a halberd.
You die...

############
..#.......###
##.#.#).......
#..#g#.###.###
#...g#r#@#
#..###.#)#
#..(...g.#
#..#.#.###
#..#.#.#
.........
#.#..#.#.##
#.#..#.#.# #
#..#.#.#


You could see a gnoll.

Vanquished Creatures
  A hound (D:2)
  3 gnolls (D:3)
  2 adders (D:2)
  2 worms (D:2)
  A dart slug (D:1)
  A leopard gecko (D:2)
  10 bats
  5 giant cockroaches
  5 goblins
  6 hobgoblins
  8 jackals
  A quokka (D:3)
  A ball python (D:2)
  4 frilled lizards (D:2)
  6 kobolds
  5 rats
61 creatures vanquished.

Notes
Turn   | Place    | Note
-------+----------+-------------------------------------------
     0 | D:1      | Kagorn the Troll Monk began the quest for the Orb.
     0 | D:1      | Reached XP level 1. HP: 22/22 MP: 0/0
   177 | D:1      | Reached XP level 2. HP: 29/29 MP: 1/1
   511 | D:1      | Reached XP level 3. HP: 27/36 MP: 2/2
   731 | D:2      | Found a glowing golden altar of the Shining One.
  1034 | D:2      | Reached XP level 4. HP: 21/45 MP: 3/3
  1202 | D:2      | Reached skill level 1 in Armour
  1398 | D:3      | Noticed RottenKnight's ghost (amateur DrCj)
  1525 | D:2      | HP: 1/45 [hound (3)]
  1530 | D:2      | Reached XP level 5. HP: 3/53 MP: 4/4
  1644 | D:3      | HP: 1/53 [gnoll/halberd (7)]
  1645 | D:3      | Slain by a gnoll

Skill      XL: |  1  2  3  4 |
---------------+-------------+-----
Maces & Flails | 3 |  3.6
Fighting       | 3 |  3.2
Armour         | 1 |  1.2
Dodging        | |  2.8
Stealth        | |  1.4

Action                   |  1- 3 |  4- 6 || total
-------------------------+-------+-------++-------
Melee: Mace              |   165 |   101 ||   266
  Use: Scroll            |       |     7 ||     7
 Stab: Sleeping          |     2 |       ||     2
  Eat: Chunk             |    15 |     4 ||    19
Armor: Robe              |   104 |    61 ||   165
Dodge: Dodged            |   120 |   107 ||   227
